 Dungeon Crawl Stone Soup version 0.23-a0-61-g4bf3f6c (webtiles) character file.

1287 sleeves the Chopper (level 8, 0/64 HPs)
             Began as a Formicid Fighter on Aug 10, 2018.
             Slain by an orc warrior
             ... wielding a +0 hand axe
              (10 damage)
             ... on level 5 of the Dungeon.
             The game lasted 00:06:28 (5007 turns).

sleeves the Chopper (Formicid Fighter)              Turns: 5007, Time: 00:06:28

Health: 0/64       AC: 12    Str: 22    XL:     8   Next: 85%
Magic:  8/8        EV:  9    Int:  7    God:
Gold:   355        SH:  5    Dex: 12    Spells: 7/7 levels left

rFire    . . .     SeeInvis +   a - +0 war axe
rCold    . . .     Gourm    .   t - +0 buckler
rNeg     . . .     Faith    .   b - +0 scale mail
rPois    .         Spirit   .   (helmet unavailable)
rElec    .         Reflect  .   y - +1 cloak {+Inv}
rCorr    .         Harm     .   s - +1 pair of gloves
MR       .....                  (no boots)
Stlth    ..........             (no amulet)
HPRegen  0.20/turn              (no ring)
MPRegen  0.11/turn              (no ring)

@: no status effects
A: permanent stasis, dig shafts and tunnels, four strong arms, antennae 3
a: Dig, Shaft Self, Evoke Invisibility


You were on level 5 of the Dungeon.
You were hungry.

You visited 1 branch of the dungeon, and saw 6 of its levels.

You collected 355 gold pieces.

Inventory:

Hand Weapons
 a - a +0 war axe (weapon)
Armour
 b - a +0 scale mail (worn)
 c - a +0 shield
 s - a +1 pair of gloves (worn)
 t - a +0 buckler (worn)
 u - a +0 cloak
 y - a +1 cloak of invisibility (worn)
Wands
 d - a wand of random effects (13)
 r - a wand of iceblast (11)
 w - a wand of flame (31)
 x - a wand of polymorph (9)
Scrolls
 e - 2 scrolls of enchant weapon {unknown}
 h - 2 scrolls of noise {unknown}
 i - 2 scrolls of teleportation {unknown}
 j - 3 scrolls of remove curse {unknown}
 k - 6 scrolls of identify {unknown}
 l - 2 scrolls of amnesia {unknown}
 m - 2 scrolls of fog {unknown}
 p - 2 scrolls of magic mapping {unknown}
 v - 2 scrolls of enchant armour {unknown}
Potions
 g - 4 potions of curing
 n - a potion of berserk rage {unknown}
 o - 2 potions of cancellation {unknown}
 q - a potion of heal wounds {unknown}
Comestibles
 f - 6 rations


   Skills:
 + Level 5.8 Fighting
 * Level 6.6 Axes
 + Level 6.0 Armour
 + Level 6.5 Shields


You had 7 spell levels left.
You didn't know any spells.
Your spell library was empty.

Dungeon Overview and Level Annotations

Branches:
Dungeon (6/15)
 Temple: D:4-7

Altars:
Cheibriados
Fedhas
Hepliaklqana
Kikubaaqudgha
Uskayaw
Vehumet
Zin
The Shining One

Shops:
D:4 *


Innate Abilities, Weirdness & Mutations

You cannot be hasted, slowed, berserked, paralysed or teleported.
You can dig through walls and to a lower floor.
Your four strong arms can wield two-handed weapons with a shield.
You have a pair of large antennae on your head. (SInv)


Message History

You block the giant cockroach's attack.
You slash the giant cockroach!
You kill the giant cockroach!
The orc throws a silver tomahawk.
The silver tomahawk barely misses you.
You closely miss the orc warrior.
The orc warrior hits you with a hand axe!
You hit the orc warrior but do no damage.
The orc warrior hits you but does no damage.
You hit the orc warrior.
The orc warrior is lightly wounded.
The orc warrior hits you with a hand axe!!
* * * LOW HITPOINT WARNING * * *
There is a stone staircase leading up here.
The orc warrior hits you with a hand axe.
* * * LOW HITPOINT WARNING * * *
You climb upwards.
There is a stone staircase leading down here.
Unknown command.
The orc warrior hits you with a hand axe!
You die...

#...#.......##### #.#
#.#.....#.#≈..≈≈# #.#
##.##.#.##.#.≈≈≈≈## #.#
#...#.#.##.#.._≈≈.# #.#
#.#.#.#..#.#≈≈≈≈..### #.#
##.#.#.##.#...≈.≈≈...# #.#
...#.......####..###.# #.#
#######<.......o># #.# #.#
...#.......#####@###.######.#
##.#.#..#.##................#
#.#.#..#.##.............####
#...#..#............#.#.#
##.##..#..##.#...##.#.#.#
#.##..#.......#..#.#.#.#
#.##......#)..#......#.#
#.....#...#.###.##.###.#
###.#...#.###.....##.# #.#


You could see an orc warrior.

Vanquished Creatures
  A centaur (D:5)
  A necrophage (D:3)
  2 ogres
  A phantom (D:5)
  Blork the orc (D:5)
  2 scorpions
  A howler monkey (D:4)
  A crimson imp (D:5)
  3 hounds
  Crazy Yiuf (D:5)
  3 orc wizards
  An iguana (D:5)
  Natasha (thrice) (D:4)
  5 worker ants
  A hound skeleton (D:5)
  7 adders
  An ooze (D:4)
  3 worms (D:3)
  2 dart slugs (D:1)
  5 leopard geckos
  15 orcs
  5 bats
  4 giant cockroaches
  11 goblins
  8 hobgoblins
  4 jackals (D:3)
  2 quokkas (D:2)
  4 frilled lizards
  15 kobolds
  2 leopard gecko skeletons (D:4)
  10 rats
125 creatures vanquished.

Notes
Turn   | Place    | Note
-------+----------+-------------------------------------------
     0 | D:1      | sleeves the Formicid Fighter began the quest for the Orb.
     0 | D:1      | Reached XP level 1. HP: 18/18 MP: 1/1
   117 | D:1      | Reached XP level 2. HP: 16/24 MP: 2/2
   229 | D:1      | Reached XP level 3. HP: 18/29 MP: 3/3
   729 | D:2      | Reached XP level 4. HP: 30/37 MP: 4/4
  1292 | D:3      | Reached XP level 5. HP: 39/42 MP: 5/5
  1655 | D:3      | Noticed a necrophage
  1660 | D:3      | Killed a necrophage
  1660 | D:3      | Reached XP level 6. HP: 40/49 MP: 6/6
  2041 | D:3      | Reached skill level 5 in Shields
  2043 | D:3      | Found a hazy altar of Hepliaklqana.
  2046 | D:3      | Found a snail-covered altar of Cheibriados.
  2049 | D:3      | Found an ancient bone altar of Kikubaaqudgha.
  2420 | D:4      | Found Tazxacw's Assorted Antiques.
  2433 | D:4      | Reached XP level 7. HP: 55/55 MP: 7/7
  2773 | D:4      | HP: 2/55 [ogre/giant club (17)]
  2916 | D:4      | Reached skill level 5 in Axes
  2916 | D:4      | Reached skill level 5 in Armour
  3160 | D:4      | Found a hide-covered altar of Uskayaw.
  3160 | D:4      | Found a glowing golden altar of the Shining One.
  3160 | D:4      | Noticed Natasha
  3171 | D:4      | Killed Natasha
  3171 | D:4      | Reached skill level 5 in Fighting
  3332 | D:4      | Found a radiant altar of Vehumet.
  3530 | D:4      | Noticed Natasha
  3538 | D:4      | Killed Natasha
  3548 | D:4      | Noticed Natasha
  3555 | D:4      | Killed Natasha
  3586 | D:5      | Entered Level 5 of the Dungeon
  3704 | D:4      | You fall through a shaft for 2 floors!
  3739 | D:6      | Reached XP level 8. HP: 30/62 MP: 8/8
  3993 | D:5      | Found a blossoming altar of Fedhas.
  4213 | D:5      | Noticed Blork the orc
  4229 | D:5      | Killed Blork the orc
  4506 | D:5      | Found a glowing silver altar of Zin.
  4642 | D:5      | Found a runed door.
  4766 | D:5      | Noticed Crazy Yiuf
  4778 | D:5      | Killed Crazy Yiuf
  5007 | D:5      | Slain by an orc warrior

Vault maps used:
D:1:      dpeg_arrival_shrine
D:2:      minmay_domino_2
D:3:      grunt_temple_overflow_diamond
D:4:      kennysheep_little_box, gammafunk_temple_overflow_pools, serial_shops,
          shop, uniq_natasha
D:5:      zin_treasury, first_ration, st_stairs_12, hangedman_decor_points,
          kennysheep_decorative_pillar, fedhas_altar_2, uniq_blork_the_orc,
          uniq_crazy_yiuf_cottage
D:6:      minmay_temple_entry_from_below_a, chequers_big_river,
          lightli_orcish_oven, uniq_edmund

Skill      XL: |  1  2  3  4  5  6  7  8 |
---------------+-------------------------+-----
Shields        | 4 5 6 |  6.5
Axes           | 3 4 5 6 |  6.6
Armour         | 4 5 6 |  6.0
Fighting       | 4 5 |  5.8

Action                   |  1- 3 |  4- 6 |  7- 9 || total
-------------------------+-------+-------+-------++-------
Melee: War axe           |    85 |   167 |   203 ||   455
 Abil: Dig               |       |       |     1 ||     1
Evoke: Wand              |       |       |     9 ||     9
  Use: Potion            |       |       |     1 ||     1
  Eat: Chunk             |       |     4 |     6 ||    10
       Ration            |       |       |     1 ||     1
Armor: Scale mail        |    41 |    67 |    81 ||   189
Dodge: Dodged            |    36 |    56 |    76 ||   168
Block: Shield            |    54 |   114 |    31 ||   199
       Buckler           |       |       |    33 ||    33

Table legend:
 A = Non-vault XP
 B = Vault XP
 C = Vault XP percentage of total XP
 D = Non-vault monster count
 E = Vault monster count
 F = Vault count percentage of total count
 G = Total turns spent on level
                 A         B        C        D         E       F
            +---------+---------+-------+---------+---------+-------
      Total |    1615 |     224 |  12.2 |     117 |       8 |   6.4
            +---------+---------+-------+---------+---------+-------
        D:1 |      52 |       0 |   0.0 |      29 |       0 |   0.0
        D:2 |      57 |       2 |   3.4 |      19 |       1 |   5.0
        D:3 |     391 |       0 |   0.0 |      35 |       0 |   0.0
        D:4 |     461 |      35 |   7.1 |      19 |       1 |   5.0
        D:5 |     545 |     178 |  24.6 |      12 |       3 |  20.0
        D:6 |     109 |       9 |   7.6 |       3 |       3 |  50.0
            +---------+---------+-------+---------+---------+-------
